 Dungeon Crawl Stone Soup version 0.31-a0-1178-gc5c9b8f871 (webtiles) character file.

Game seed: 2971452701360710509

121 qw the Shooter (level 5, -4/32 HPs)
             Began as a Gargoyle Hunter on Dec 11, 2023.
             Slain by a kobold
             ... wielding a +0 dagger of distortion
              (26 damage)
             ... in a sewer.
             The game lasted 00:00:46 (1628 turns).

qw the Shooter (Gargoyle Hunter)                    Turns: 1628, Time: 00:00:46

Health: -4/32      AC:  7    Str: 14    XL:     5   Next: 5%
Magic:  5/5        EV: 11    Int: 10    God:
Gold:   126        SH:  0    Dex: 15    Spells: 4/4 levels left

rFire   . . .        a - +0 shortbow
rCold   . . .        (shield currently unavailable)
rNeg    + . .        c - +0 leather armour
rPois   inf          (no helmet)
rElec   +            (no cloak)
rCorr   .            (no gloves)
SInv    .            (no boots)
Will    .....        (no amulet)
Stlth   ++           (no ring)
HPRegen 0.25/turn    (no ring)
MPRegen 0.09/turn

%: no passive effects
@: no status effects
A: sickness immunity, AC +4, negative energy resistance 1, electricity
resistance, torment resistance 1, petrification resistance
a: no special abilities


You were in a sewer.
You visited 1 branch of the dungeon, and saw 4 of its levels.
You also visited: Sewer.

You collected 126 gold pieces.


Innate Abilities, Weirdness & Mutations

You are immune to sickness and miasma.
Your stone body is resilient. (AC +4)
You are immune to poison.
You resist negative energy. (rN+)
You are resistant to electric shocks. (rElec)
You are resistant to unholy torment.
You are immune to petrification.


   Skills:
 - Level 3.0 Fighting
 + Level 5.9 Ranged Weapons
 - Level 1.5 Dodging
 - Level 1.1 Stealth


You had 4 spell levels left.
You didn't know any spells.
Your spell library was empty.

Inventory:

Hand Weapons
 a - a +0 shortbow (weapon)
Armour
 c - a +0 leather armour (worn)
Potions
 e - a potion of curing

Dungeon Overview and Level Annotations

Branches:
Dungeon (4/15)              Sewer (1/1)
 Temple: D:4-7

Altars:
Dithmenos

Shops:
D:1 (

Annotations:
D:1 2 transporters
D:2 1 runed translucent door, Crazy Yiuf


Message History

You shoot an arrow. The arrow closely misses the jackal.
The arrow hits the kobold brigand.
The kobold brigand is moderately wounded.
The jackal barely misses you.
The kobold brigand throws a poisoned dart.
The poisoned dart hits you!
A kobold comes into view. It is wielding a +0 dagger.
You shoot an arrow. The arrow misses the jackal.
The arrow barely misses the kobold brigand.
The kobold shouts!
The jackal bites you. x2
You shoot an arrow. The arrow hits the jackal.
You kill the jackal!
A kobold comes into view.
It is wielding a +0 dagger of distortion.
You shoot an arrow. The kobold shouts!
The arrow hits the kobold brigand but does no damage.
The kobold brigand is moderately wounded.
You shoot an arrow. The arrow hits the kobold brigand!
The kobold brigand is heavily wounded.
You shoot an arrow.
The arrow closely misses the kobold brigand.
You shoot an arrow.
The arrow completely misses the kobold brigand.
The kobold brigand barely misses you.
You shoot an arrow.
The arrow hits the kobold brigand but does no damage.
The kobold brigand is heavily wounded.
The kobold misses you.
The kobold brigand completely misses you.
You shoot an arrow. The arrow hits the kobold brigand!
The kobold brigand is almost dead.
The kobold brigand hits you with a +2 whip of venom!
You shoot an arrow. The arrow hits the kobold brigand.
You kill the kobold brigand!
You hear a splash. x2
The kobold hits you with a +0 dagger of distortion.
Space warps horribly around you!!
Ouch! That really hurt!
You die...

### ########### #\#
..~.....~.###.###
.~~~~~~...~.....######
~~~~~~~K~~~~~~~~~~~~~###
.~~~~~~~~~~~~~~~~~~~~~~#
~~~~~~~~~~~~~~~~~~~~~~#
..~~~~)@~~~.~...#######
.~....KK~.#######
########~## #~# #~# #~#
#~# #~# #~#


You could see a kobold brigand and 2 kobolds.

Vanquished Creatures
  A kobold brigand (Sewer)
  3 adders
  3 river rats (Sewer)
  4 worms
  2 dart slugs (D:2)
  An endoplasm (D:1)
  A giant cockroach (D:1)
  7 hobgoblins
  4 jackals
  3 quokkas
  7 ball pythons
  6 bats
  2 frilled lizards
  4 goblins
  4 kobolds
  3 rats
55 creatures vanquished.

Notes
Turn   | Place    | Note
-------+----------+-------------------------------------------
     0 | D:1      | qw the Gargoyle Hunter began the quest for the Orb.
     0 | D:1      | Reached XP level 1. HP: 12/12 MP: 1/1
     0 | D:1      | 0 ||| qw: Version: 0.3-a-106-g2cfff9e
     0 | D:1      | 0 ||| qw: Game counter: 2025
     0 | D:1      | 0 ||| qw: Melee chars always use a shield: true
     0 | D:1      | 0 ||| qw: God list: Okawaru
     0 | D:1      | 0 ||| qw: Allow faded altars: false
     0 | D:1      | 0 ||| qw: Do Orc after clearing Dungeon:15 true
     0 | D:1      | 0 ||| qw: Do second Lair branch before Depths: true
     0 | D:1      | 0 ||| qw: Lair rune preference: random
     0 | D:1      | 0 ||| qw: Goals: Normal, Save, Zot:1-4, Win
     0 | D:1      | 0 ||| PLANNING D:1-11
    53 | D:1      | Reached XP level 2. HP: 17/17 MP: 2/2
    87 | D:1      | Found a transporter.
   369 | D:1      | Found Noed's Weapon Boutique.
   507 | D:1      | Found a faded altar of an unknown god.
   638 | D:1      | Found a transporter.
   662 | D:1      | 662 ||| READING scroll labelled BYCRUIN GIAXT.
   667 | D:1      | 667 ||| READING scroll labelled CIMPE YLAUNOURCH.
   768 | D:1      | 768 ||| READING scroll labelled FOEZY JUOTTARR.
   769 | D:1      | 769 ||| DROPPING scroll of butterflies.
   789 | D:2      | 789 ||| STAIRDANCE
   793 | D:1      | Reached skill level 5 in Ranged Weapons
   793 | D:1      | Reached XP level 3. HP: 17/21 MP: 3/3
   960 | D:2      | Reached skill level 3 in Fighting
  1005 | D:2      | Found a runed translucent door.
  1006 | D:2      | Noticed Crazy Yiuf
  1048 | D:2      | Reached XP level 4. HP: 28/28 MP: 4/4
  1308 | D:2      | 1308 ||| READING scroll labelled YCINWO HIDODGHAKEAC.
  1308 | D:2      | 1308 ||| IDENTIFYING bubbling silvery potion
  1309 | D:2      | 1309 ||| DRINKING 2 sapphire potions.
  1310 | D:2      | 1310 ||| DROPPING potion of lignification.
  1469 | D:3      | You fall into a shaft and drop 1 floor!
  1472 | D:4      | 1472 ||| PLANNING SEWER
  1482 | D:4      | Found a shadowy altar of Dithmenos.
  1517 | D:4      | Found a glowing drain.
  1518 | D:4      | 1518 ||| READING scroll labelled JONOC SOKAH.
  1519 | D:4      | 1519 ||| READING scroll labelled GEXICEPNYV.
  1538 | Sewer    | Entered a sewer
  1554 | Sewer    | HP: 4/28 [river rat (7)]
  1555 | Sewer    | 1555 ||| DRINKING bubbling red potion.
  1559 | Sewer    | Reached XP level 5. HP: 32/32 MP: 5/5
  1614 | Sewer    | Noticed a kobold brigand
  1616 | Sewer    | Noticed a kobold brigand
  1628 | Sewer    | Killed a kobold brigand
  1628 | Sewer    | Slain by a kobold

Levels and vault maps discovered:
D:1:      dpeg_arrival_rooms_b, layout_basic, basic_ecumenical_altar,
          serial_shops, nicolae_shop_drivethru, moated_statue
D:2:      layout_rooms, minmay_stone_trees_small, uniq_crazy_yiuf_cottage
D:3:      layout_basic, ashenzari_altar_1, gammafunk_ghost_grave, uniq_sigmund,
          uniq_grinder, uniq_jessica
D:4:      layout_loops_ring, grunt_dithmenos_smoke_and_mirrors,
          nicolae_vehumet_altar_sigil, cheibrodos_sewer_entry_drain,
          minmay_statues_item
Sewer:    sewer_kobolds

Skill      XL: |  1  2  3 |
---------------+----------+-----
Ranged Weapons | 5 |  5.9
Fighting       | 3 |  3.0
Dodging        | |  1.5
Stealth        | |  1.1

Action                     |  1- 3 |  4- 6 || total
---------------------------+-------+-------++-------
   Fire: Shortbow          |    94 |    93 ||   187
    Use: Scroll            |     3 |     3 ||     6
         Potion            |       |     2 ||     2
 Armour: Leather armour    |    17 |    35 ||    52
  Dodge: Dodged            |    23 |    34 ||    57

Table legend:
 A = Non-vault XP
 B = Vault XP
 C = Vault XP percentage of total XP
 D = Non-vault monster count
 E = Vault monster count
 F = Vault count percentage of total count
                 A         B        C        D         E       F
            +---------+---------+-------+---------+---------+-------
      Total |     118 |     147 |  55.5 |      45 |      10 |  18.2
            +---------+---------+-------+---------+---------+-------
        D:1 |      39 |       0 |   0.0 |      16 |       0 |   0.0
        D:2 |      46 |       0 |   0.0 |      22 |       0 |   0.0
        D:3 |      15 |       0 |   0.0 |       3 |       0 |   0.0
        D:4 |      18 |      10 |  35.7 |       4 |       2 |  33.3
      Sewer |       0 |     137 | 100.0 |       0 |       8 | 100.0
            +---------+---------+-------+---------+---------+-------
